 Dungeon Crawl Stone Soup version 0.20.1-1-g8b1a95d (webtiles) character file.

5304 EazyBreezy the Slicer (level 10, 0/76 HPs)
             Began as a Vampire Gladiator on Sept 9, 2017.
             Was a Follower of Dithmenos.
             Slain by a soldier ant (6 damage)
             ... on level 9 of the Dungeon.
             The game lasted 00:32:15 (9227 turns).

EazyBreezy the Slicer (Vampire Gladiator)           Turns: 9227, Time: 00:32:16

Health: 0/76       AC:  9    Str: 13    XL:     10   Next: 37%
Magic:  10/10      EV: 17    Int: 12    God:    Dithmenos [*.....]
Gold:   216        SH:  0    Dex: 18    Spells: 9/9 levels left

rFire    . . .     SeeInvis +   a - +6 rapier
rCold    . . .     Gourm    .   (no shield)
rNeg     + . .     Faith    .   b - +0 leather armour
rPois    +         Spirit   .   c - +2 helmet
rElec    .         Reflect  .   (no cloak)
rCorr    .         Harm     .   h - +0 pair of gloves
MR       +....     Rnd*Rage +   (no boots)
Stlth    +++++.....             (no amulet)
Regen    0.3/turn               A - +2 ring of protection
MPRegen  0.2/turn               x - ring of poison resistance

@: wreathed by umbra, invisible
A: fangs 3, see invisible, berserk 1, sense surroundings 1, unbreathing, sturdy
frame 1
a: Bat Form, Renounce Religion


You were on level 9 of the Dungeon.
You worshipped Dithmenos.
Dithmenos was aware of your devotion.
You were not thirsty.

You visited 2 branches of the dungeon, and saw 10 of its levels.

You collected 543 gold pieces.
You spent 327 gold pieces at shops.

Inventory:

Hand Weapons
 a - a +6 rapier (weapon)
Missiles
 d - 3 throwing nets (quivered)
Armour
 b - a +0 leather armour (worn)
 c - a +2 helmet (worn)
 h - a +0 pair of gloves (worn)
Jewellery
 x - a ring of poison resistance (right hand)
 A - a +2 ring of protection (left hand)
Wands
 j - a wand of lightning (10/15)
 n - a wand of confusion (33/48)
 p - a wand of lightning (6/15)
 q - a wand of polymorph (12/24)
 s - a wand of iceblast (5/15)
 v - a wand of disintegration (11/24)
Scrolls
 i - 3 scrolls of fog
 m - 2 scrolls of remove curse
 t - a scroll of magic mapping
Potions
 e - 9 potions of blood
 f - a potion of invisibility
 g - a potion of haste {unknown}
 k - 3 potions of curing
 l - 2 potions of lignification {unknown}
 o - 2 potions of agility
 r - a potion of degeneration {unknown}
 w - a potion of berserk rage
Books
 u - a book of Debilitation

   Spells                             Type                      Level
   a - Corona                         Hexes                        1
   b - Slow                           Hexes                        2
   c - Inner Flame                    Hexes/Fire                   3
   d - Portal Projectile              Hexes/Translocation          3
   e - Cause Fear                     Hexes                        4
   f - Leda's Liquefaction            Hexes/Earth                  4
 B - a book of Minor Magic

   Spells                             Type                      Level
   a - Magic Dart                     Conjuration                  1
   b - Blink                          Translocation                2
   c - Call Imp                       Summoning                    2
   d - Slow                           Hexes                        2
   e - Conjure Flame                  Conjuration/Fire             3
   f - Mephitic Cloud                 Conjuration/Poison/Air       3


   Skills:
 + Level 6.0 Fighting
 + Level 11.5 Short Blades
 + Level 1.9 Throwing
 + Level 4.0 Armour
 + Level 6.9 Dodging
 + Level 9.2 Stealth


You had 9 spell levels left.
You didn't know any spells.

Dungeon Overview and Level Annotations

Branches:
Dungeon (9/15)             Temple (1/1) D:6
   Lair: D:8-11         Orc: D:9-12

Altars:
Ashenzari
Cheibriados
Dithmenos
Elyvilon
Fedhas
Gozag
Hepliaklqana
Kikubaaqudgha
Makhleb
Nemelex Xobeh
Okawaru
Qazlal
Ru
Sif Muna
Trog
Uskayaw
Vehumet
Xom
Yredelemnul
Zin
The Shining One

Shops:
D:5 (   D:7 %   D:8 *


Innate Abilities, Weirdness & Mutations

You have razor-sharp teeth.
You have supernaturally acute eyesight. (SInv)
You can survive without breathing.
You tend to lose your temper in combat.
You passively map a small area around you.
Your movements are slightly less encumbered by armour. (ER -2)


Message History

The soldier ant is severely wounded.
The soldier ant closely misses you. The soldier ant completely misses you.
You hit the soldier ant.
The soldier ant is severely wounded.
The soldier ant closely misses you.
The worker ant bites you but does no damage.
You closely miss the soldier ant.
The soldier ant is severely wounded.
The soldier ant closely misses you. The soldier ant completely misses you.
You closely miss the soldier ant.
The soldier ant is severely wounded.
The worker ant closely misses you. The soldier ant stings you!
* * * LOW HITPOINT WARNING * * *
The soldier ant stings you but does no damage.
The soldier ant closely misses you.
You fade into invisibility!
The worker ant completely misses you. The soldier ant closely misses you.
The soldier ant stings you but does no damage.
The soldier ant stings you.
You die...

, ,.#...... ,
,,.=..... *, ........
a......###### ...#....
, ............, , *.#*
##.#. ,
...........##### *..#
#..a
*...........#..(#*....
, ...
............†..#.....
,,#...
....[......aa##......
, ....
#..........a@a†....a#
, .#..#
#........########.#...
aaa#.. *#........)..#
, ... #...###.....# ,
, ... #...###.....# **
, ... .#...........#
*,* ,* ... ,
.............# * .#.
.............# *, #
#.......##...# *, ,


You could see 3 soldier ants and 2 worker ants.

Vanquished Creatures
  The ghost of antares the Spear-Bearer, a novice MfGl of Elyvilon (D:8)
  Pikel (D:5)
  Prince Ribbit (D:5)
  Grinder (D:5)
  A hungry ghost (D:8)
  6 soldier ants
  3 orc warriors
  2 sky beasts
  3 ogres
  3 phantoms
  2 centaurs
  3 bullfrogs
  An oklob sapling (D:6)
  An electric eel (D:8)
  A crimson imp (D:5)
  2 bullfrog zombies
  A hound (D:8)
  A bullfrog skeleton (D:5)
  2 jellies
  5 orc priests
  2 centaur skeletons
  5 orc wizards
  2 iguanas
  31 worker ants
  A hound zombie (D:6)
  A worker ant zombie (D:9)
  A gnoll (D:1)
  11 adders
  3 oozes
  An adder zombie (D:6)
  An adder skeleton (D:7)
  4 worms
  5 leopard geckos
  34 orcs
  3 ball pythons
  9 bats
  8 giant cockroaches
  2 gnoll zombies (D:6)
  10 goblins
  8 hobgoblins
  13 jackals
  4 quokkas
  3 frilled lizards
  7 kobolds
  A leopard gecko skeleton (D:6)
  14 rats
  A fungus (D:7)
  A plant (D:6)
227 creatures vanquished.

Vanquished Creatures (others)
  A slave (D:9)
  An ogre (D:9)
  A jelly (D:9)
  An orc priest (D:5)
  A bullfrog zombie (D:9)
  An adder (D:5)
  4 orcs
  A jackal (D:9)
  A quokka (D:9)
  A fungus (D:7)
13 creatures vanquished.

Grand Total: 240 creatures vanquished

Notes
Turn   | Place    | Note
-------+----------+-------------------------------------------
     0 | D:1      | EazyBreezy the Vampire Gladiator began the quest for the Orb.
     0 | D:1      | Reached XP level 1. HP: 16/16 MP: 1/1
   110 | D:1      | Reached XP level 2. HP: 6/22 MP: 2/2
   822 | D:1      | Reached XP level 3. HP: 27/27 MP: 3/3
  1021 | D:1      | Reached skill level 4 in Short Blades
  1341 | D:2      | Reached skill level 1 in Armour
  1396 | D:2      | Reached XP level 4. HP: 27/33 MP: 4/4
  2089 | D:3      | Reached XP level 5. HP: 25/38 MP: 5/5
  2443 | D:3      | Reached skill level 5 in Short Blades
  2551 | D:3      | Reached skill level 1 in Stealth
  3207 | D:4      | Reached XP level 6. HP: 18/46 MP: 6/6
  3412 | D:4      | Gained mutation: Your body sometimes deteriorates upon taking damage. [potion of mutation]
  3412 | D:4      | Gained mutation: Your flesh is heat resistant. (rF+) [potion of mutation]
  3413 | D:4      | Lost mutation: Your body sometimes deteriorates upon taking damage. [potion of mutation]
  3413 | D:4      | Lost mutation: Your flesh is heat resistant. (rF+) [potion of mutation]
  3413 | D:4      | Gained mutation: You are clumsy. (Dex -2) [potion of mutation]
  3413 | D:4      | Gained mutation: You are resistant to hostile enchantments. (MR+) [potion of mutation]
  3414 | D:4      | Lost mutation: You are clumsy. (Dex -2) [potion of mutation]
  3414 | D:4      | Lost mutation: You are resistant to hostile enchantments. (MR+) [potion of mutation]
  3414 | D:4      | Gained mutation: You tend to lose your temper in combat. [potion of mutation]
  3414 | D:4      | Gained mutation: You passively map a small area around you. [potion of mutation]
  3414 | D:4      | Gained mutation: Your movements are slightly less encumbered by armour. (ER -2) [potion of mutation]
  3893 | D:5      | Entered Level 5 of the Dungeon
  4145 | D:5      | Reached skill level 6 in Short Blades
  4219 | D:5      | Noticed Pikel
  4219 | D:5      | Noticed a slave
  4219 | D:5      | Noticed a slave
  4220 | D:5      | Noticed a slave
  4221 | D:5      | Noticed a slave
  4243 | D:5      | Killed Pikel
  4243 | D:5      | Reached skill level 7 in Short Blades
  4243 | D:5      | Reached XP level 7. HP: 24/52 MP: 7/7
  4460 | D:5      | Noticed Prince Ribbit
  4476 | D:5      | Killed Prince Ribbit
  4476 | D:5      | Reached skill level 8 in Short Blades
  4476 | D:5      | Reached XP level 8. HP: 32/59 MP: 8/8
  4646 | D:5      | Found a blossoming altar of Fedhas.
  4720 | D:5      | Reached skill level 5 in Dodging
  5002 | D:5      | Noticed Grinder
  5009 | D:5      | Killed Grinder
  5021 | D:5      | Found Yrupnar's Weapon Boutique.
  5385 | D:6      | Reached skill level 9 in Short Blades
  5780 | D:6      | Found a staircase to the Ecumenical Temple.
  5835 | D:6      | Found a basalt altar of Yredelemnul.
  5976 | D:6      | Found a burning altar of Makhleb.
  6250 | Temple   | Entered the Ecumenical Temple
  6441 | D:7      | Reached XP level 9. HP: 58/66 MP: 9/9
  6490 | D:7      | Reached skill level 5 in Stealth
  6677 | D:7      | Found Pilenur's Food Shop.
  6895 | D:7      | Reached skill level 10 in Short Blades
  7113 | D:8      | Found an opulent altar of Gozag.
  7546 | D:8      | Found Morucoe's Assorted Antiques.
  7556 | D:8      | Bought a small marble ring for 150 gold pieces
  7556 | D:8      | Bought an emerald potion for 27 gold pieces
  7556 | D:8      | Bought a potion of heal wounds for 150 gold pieces
  7559 | D:8      | Noticed antares's ghost (novice MfGl)
  7586 | D:8      | Killed antares's ghost
  7586 | D:8      | Reached skill level 5 in Fighting
  8139 | D:8      | Found a shadowy altar of Dithmenos.
  8152 | D:8      | Became a worshipper of Dithmenos the Shadowed
  8356 | D:9      | Noticed a queen ant
  8405 | D:8      | Reached XP level 10. HP: 66/74 MP: 10/10
  8618 | D:8      | Reached skill level 11 in Short Blades
  9010 | D:9      | Reached * piety under Dithmenos
  9227 | D:9      | Slain by a soldier ant

Skill      XL: |  1  2  3  4  5  6  7  8  9 10 |
---------------+-------------------------------+-----
Short Blades   | 4 5 7 8 9 10 11 | 11.5
Armour         | 1 2 3 4 |  4.0
Fighting       | 2 3 4 5 6 |  6.0
Dodging        | 4 5 6 |  6.9
Stealth        | 1 3 4 8 9 |  9.2
Throwing       | |  1.9

Action                   |  1- 3 |  4- 6 |  7- 9 | 10-12 || total
-------------------------+-------+-------+-------+-------++-------
Melee: Rapier            |   134 |   236 |   322 |   178 ||   870
       Bite              |     6 |    21 |    38 |    27 ||    92
Throw: Throwing net      |       |     3 |       |       ||     3
  Use: Potion            |     2 |    12 |    16 |     6 ||    36
       Scroll            |       |    13 |    10 |     2 ||    25
 Stab: Held in net/web   |       |     1 |       |       ||     1
       Sleeping          |       |     2 |    12 |     1 ||    15
       Distracted        |       |       |     3 |       ||     3
Armor: Leather armour    |    26 |    48 |    33 |    34 ||   141
Dodge: Dodged            |   100 |   184 |   145 |   151 ||   580
